 Dungeon Crawl Stone Soup version 0.26.1-2-gb8aa6d0 (webtiles) character file.

Game seed: 10287251917409428756

296 Geeful the Skirmisher (level 6, -12/56 HPs)
             Began as a Hill Orc Abyssal Knight on May 12, 2021.
             Was a Believer of Lugonu.
             Killed from afar by Dowan (24 damage)
             ... with a shard of ice
             ... on level 4 of the Dungeon.
             The game lasted 00:11:11 (3628 turns).

Geeful the Skirmisher (Hill Orc Abyssal Knight)     Turns: 3628, Time: 00:11:11

Health: -12/56     AC:  9    Str: 17    XL:     6   Next: 35%
Magic:  8/8        EV: 10    Int: 12    God:    Lugonu [**....]
Gold:   83         SH:  0    Dex: 10    Spells: 5/5 levels left

rFire    . . .     SeeInvis .   n - +0 broad axe
rCold    . . .     Faith    .   (no shield)
rNeg     . . .     Spirit   .   o - +0 scale mail
rPois    +         Reflect  .   (no helmet)
rElec    .         Harm     .   h - scarf {+Inv}
rCorr    .         Rampage  .   l - +1 pair of gloves
Will     .....                  (no boots)
Stlth    ..........             (no amulet)
HPRegen  0.18/turn              j - ring of poison resistance
MPRegen  0.11/turn              (no ring)

@: mighty
A: no striking features
a: Renounce Religion, Evoke Invisibility, Depart the Abyss, Bend Space


You were on level 4 of the Dungeon.
You worshipped Lugonu.
Lugonu was pleased with you.
You visited 1 branch of the dungeon, and saw 4 of its levels.
You visited the Abyss 1 time.

You collected 83 gold pieces.

Inventory:

Hand Weapons
 n - a +0 broad axe (weapon)
Missiles
 k - 15 curare-tipped darts (quivered)
Armour
 h - a scarf of invisibility (worn)
 l - a +1 pair of gloves (worn)
 o - a +0 scale mail (worn)
Jewellery
 j - a ring of poison resistance (left hand)
Scrolls
 c - 2 scrolls of remove curse
 f - 2 scrolls of teleportation
Potions
 a - a potion of curing {unknown}
 b - a potion of resistance
 d - a potion of heal wounds {unknown}
 i - a potion of brilliance
 m - a potion of mutation


   Skills:
 * Level 5.1 Fighting
 * Level 4.7 Axes
 * Level 4.0 Armour
 + Level 1.9 Dodging
 + Level 3.6 Invocations


You had 5 spell levels left.
You didn't know any spells.
Your spell library was empty.

Dungeon Overview and Level Annotations

Branches:
Dungeon (4/15)
 Temple: D:4-7

Altars:

Annotations:
D:4 Dowan


Message History

The hound bites you but does no damage.
Okay, then.
You slash the hound!
You kill the hound!
Lugonu accepts your kill.
Your Armour skill increases to level 4!
Dowan drinks a potion.
Dowan seems to grow stronger.
You slice Dowan!!
Dowan is almost dead.
Dowan misses you. Dowan hits you but does no damage.
Dowan gestures at you while chanting. The stone arrow misses you.
You closely miss Dowan.
Dowan is almost dead.
Dowan casts a spell at you. The stone arrow misses you.
A gnoll comes into view. It is wielding a +0 whip.
Dowan points at you and mumbles some strange words.
The shard of ice hits you!!
You die...

##.## .# ##.#.##
.# #
##.###.##.#.#.#.
###.## ##g.)..§...
#....###...h......
#.###.#.###.###.#.
#...........#
.....###e..#####
#... ##@#########
### #)........#
###.......#
#.......#
#.......#
..#####.<.....#
..............#
....##.†......#
#.#.##..#######


You could see Dowan (fast, strong) and a gnoll (wandering).

Vanquished Creatures
  Duvessa (D:4)
  2 hounds (D:4)
  A gnoll (D:4)
  2 adders (D:2)
  An ooze (D:2)
  3 worms
  A dart slug (D:1)
  An orc (D:3)
  A ball python (D:3)
  7 giant cockroaches
  12 goblins
  8 hobgoblins
  8 jackals
  3 quokkas
  8 bats
  7 frilled lizards
  16 kobolds
  8 rats
90 creatures vanquished.

Notes
Turn   | Place    | Note
-------+----------+-------------------------------------------
     0 | Abyss:1  | Geeful the Hill Orc Abyssal Knight began the quest for the
                  | Orb.
     0 | Abyss:1  | Reached XP level 1. HP: 19/19 MP: 2/2
    23 | Abyss:2  | Found a corrupted altar of Lugonu.
    24 | Abyss:2  | Found a corrupted altar of Lugonu.
    51 | Abyss:2  | Noticed an ancient zyme
    76 | Abyss:3  | Noticed a kobold demonologist
    78 | D:1      | Escaped the Abyss
   602 | D:1      | Reached XP level 2. HP: 27/27 MP: 3/3
   635 | D:1      | Reached * piety under Lugonu
   713 | D:1      | Reached skill level 4 in Fighting
   713 | D:1      | Reached skill level 1 in Dodging
   755 | D:1      | Reached XP level 3. HP: 33/33 MP: 5/5
  1485 | D:2      | Reached XP level 4. HP: 24/40 MP: 6/6
  2113 | D:2      | Reached ** piety under Lugonu
  3096 | D:3      | Reached XP level 5. HP: 47/47 MP: 7/7
  3600 | D:4      | Noticed Duvessa
  3600 | D:4      | Noticed Dowan
  3614 | D:4      | Killed Duvessa
  3615 | D:4      | Reached skill level 5 in Fighting
  3615 | D:4      | Reached XP level 6. HP: 21/56 MP: 8/8
  3628 | D:4      | Killed from afar by Dowan

Illustrated notes

Levels and vault maps discovered:
D:1:      minmay_arrival_four_circles, layout_loops_ring, grunt_decor_fettered
D:2:      layout_rooms
D:3:      minmay_chambers_of_threes, layout_basic, minmay_fountain_box
D:4:      layout_loops_ring, minitemple, uniq_crazy_yiuf_cottage, uniq_duvessa

Skill      XL: |  1  2  3  4  5  6 |
---------------+-------------------+-----
Axes           | 3 4 |  4.7
Fighting       | 4 5 |  5.1
Dodging        | 1 |  1.9
Armour         | 3 4 |  4.0
Invocations    | 3 |  3.6

Action                   |  1- 3 |  4- 6 || total
-------------------------+-------+-------++-------
Melee: Hand axe          |   104 |    56 ||   160
       War axe           |       |   102 ||   102
       Broad axe         |       |    22 ||    22
Throw: Dart              |       |     1 ||     1
Invok: Depart the Abyss  |     1 |       ||     1
  Use: Scroll            |       |    10 ||    10
       Potion            |       |     1 ||     1
Armor: Leather armour    |    34 |     5 ||    39
       Scale mail        |       |    91 ||    91
Dodge: Dodged            |    76 |   104 ||   180
